 Dungeon Crawl Stone Soup version 0.19-a0-1886-gd64a0f0 (webtiles) character file.

263 JeffiDaFish the Firebug (level 5, 0/41 HPs)
             Began as a Draconian Fire Elementalist on Oct 17, 2016.
             Slain by a gnoll
             ... wielding a +0 spear
              (4 damage)
             ... on level 3 of the Dungeon.
             The game lasted 00:11:00 (2556 turns).

JeffiDaFish the Firebug (DrFE)                      Turns: 2556, Time: 00:11:01

Health: 0/41       AC:  5    Str: 11      XL:     5   Next: 98%
Magic:  18/23      EV: 12    Int: 14 (16) God:
Gold:   138        SH:  0    Dex: 11      Spells: 3 memorised, 2 levels left

rFire  . . .     SeeInvis .     d - staff of power
rCold  . . .     Gourm    .     (armour unavailable)
rNeg   . . .     Faith    .     (no shield)
rPois  .         Spirit   .     (helmet restricted)
rElec  .         Dismiss  .     (no cloak)
rCorr  .         Reflect  .     (no gloves)
MR     +....     Harm     .     (no boots)
Stlth  ++........               (no amulet)
                                (no ring)
                                e - ring of protection from magic

@: very slightly contaminated
A: unfitting armour, cold-blooded, AC +5
a: no special abilities


You were on level 3 of the Dungeon.
You were not hungry.

You visited 1 branch of the dungeon, and saw 3 of its levels.

You collected 138 gold pieces.

Inventory:

Magical Staves
 d - an uncursed staff of power (weapon)
Jewellery
 e - a ring of protection from magic (left hand)
Scrolls
 h - a scroll of enchant weapon
Potions
 g - a potion of might {unknown}
Books
 a - a book of Flames

   Spells                             Type                      Level
   a - Flame Tongue                   Conjuration/Fire             1
   b - Throw Flame                    Conjuration/Fire             2
   c - Conjure Flame                  Conjuration/Fire             3
   d - Inner Flame                    Hexes/Fire                   3
   e - Sticky Flame                   Conjuration/Fire             4
   f - Fireball                       Conjuration/Fire             5
Comestibles
 b - 2 bread rations
 c - a chunk of flesh


   Skills:
 * Level 2.2 Fighting
 + Level 1.4 Staves
 + Level 2.5 Dodging
 * Level 3.3 Stealth
 - Level 0.2 Unarmed Combat
 + Level 2.6 Spellcasting
 + Level 2.1 Conjurations
 + Level 3.7 Fire Magic


You had 2 spell levels left.
You knew the following spells:

 Your Spells              Type           Power        Failure   Level  Hunger
a - Flame Tongue          Conj/Fire      ##...        10%         1    #......
b - Throw Flame           Conj/Fire      ##....       12%         2    ###....
c - Sticky Flame          Conj/Fire      ##......     71%         4    #####..


Dungeon Overview and Level Annotations

Branches:
Dungeon (3/15)

Altars:
Okawaru


Innate Abilities, Weirdness & Mutations

Your plain brown scales are hard. (AC +5)
You cannot fit into any form of body armour.
You are cold-blooded and may be slowed by cold attacks.


Message History

The gnoll hits you with a whip!
The gnoll hits you from afar with a spear.
* * * LOW HITPOINT WARNING * * *
The gnoll hits you but does no damage.
You hit the gnoll.
The gnoll is almost dead.
The gnoll hits you from afar with a spear.
* * * LOW HITPOINT WARNING * * *
The gnoll hits you with a whip.
* * * LOW HITPOINT WARNING * * *
The gnoll hits you but does no damage.
Casting: Flame Tongue
Confirm with . or Enter, or press ? or * to list all spells.
Aiming: Flame Tongue
Press: ? - help, Shift-Dir - straight line, f/p - gnoll
Aim: a gnoll, wielding an enchanted flail (almost dead)
The flame tongue hits the gnoll.
You kill the gnoll!
The gnoll hits you from afar with a spear.
You die...

#.#.#.#=...#
#.####
#.#........#
#.#
#.###.#....#
#.#
##...###(#.#
#.# #######.#.#
#.# #....# ..#
#..### #
###..#### #
#.....)@# #
#.#..##g#
#.#.)##g#### #
#...Sg...#
#.###.##.# #.
#.# #
#.........g..#
##########g..g.
..##


You could see 3 gnolls and an adder.

Vanquished Creatures
  Sigmund (D:2)
  Robin (D:2)
  An adder (D:2)
  A gnoll (D:3)
  2 worms
  2 dart slugs
  A leopard gecko (D:1)
  An orc (D:3)
  8 bats
  2 giant cockroaches
  19 goblins
  9 hobgoblins
  6 kobolds
  2 frilled lizards
  7 rats
63 creatures vanquished.

Notes
Turn   | Place    | Note
-------+----------+-------------------------------------------
     0 | D:1      | JeffiDaFish the Draconian Fire Elementalist began the quest for the Orb.
     0 | D:1      | Reached XP level 1. HP: 14/14 MP: 3/3
   351 | D:1      | Reached XP level 2. HP: 7/20 MP: 5/5
   614 | D:1      | Learned a level 2 spell: Throw Flame
  1214 | D:2      | Reached XP level 3. HP: 6/27 MP: 6/6
  1464 | D:2      | Noticed Robin
  1471 | D:2      | Killed Robin
  1809 | D:2      | Noticed Sigmund
  1826 | D:2      | Killed Sigmund
  1826 | D:2      | Reached skill level 1 in Staves
  1826 | D:2      | Reached XP level 4. HP: 36/36 MP: 7/7
  1826 | D:2      | Reached XP level 5. HP: 41/41 MP: 8/8
  2054 | D:2      | Learned a level 4 spell: Sticky Flame
  2414 | D:3      | Found an iron altar of Okawaru.
  2556 | D:3      | Slain by a gnoll

Vault maps used:
D:1:      dpeg_arrival_simpleton_c, minmay_stone_trees_medium
D:2:      uniq_robin, uniq_sigmund
D:3:      kennysheep_okawaru_gauntlet, uniq_natasha

Skill      XL: |  1  2  3 |
---------------+----------+-----
Dodging        | 2 |  2.5
Stealth        | 2 3 |  3.3
Fighting       | 2 |  2.2
Staves         | 1 |  1.4
Conjurations   | 2 |  2.1
Unarmed Combat | |  0.2
Spellcasting   | |  2.6
Fire Magic     | |  3.7

Action                   |  1- 3 |  4- 6 || total
-------------------------+-------+-------++-------
Melee: Unarmed           |    43 |       ||    43
       Tailslap          |    10 |     1 ||    11
       Staff             |    16 |    25 ||    41
 Cast: Flame Tongue      |    59 |    15 ||    74
       Throw Flame       |    13 |    20 ||    33
  Use: Scroll            |     7 |     2 ||     9
       Potion            |     3 |       ||     3
  Eat: Chunk             |     2 |     3 ||     5
       Bread ration      |     1 |       ||     1
Armor: Skin              |    37 |     9 ||    46
Dodge: Dodged            |    91 |    32 ||   123
